 Dungeon Crawl Stone Soup version 0.31-a0-851-g7ff8af7976 (webtiles) character file.

Game seed: 3323776781743600998

123 MachoJfn the Gusty (level 5, -2/28 HPs)
             Began as a Tengu Air Elementalist on Oct 4, 2023.
             Blown up by Ijyb (13 damage)
             ... with a mindburst bolt
             ... on level 3 of the Dungeon on Oct 5, 2023.
             The game lasted 00:06:07 (2500 turns).

MachoJfn the Gusty (Tengu Air Elementalist)         Turns: 2500, Time: 00:06:08

Health: -2/28      AC:  3    Str:  8    XL:     5   Next: 7%
Magic:  0/10       EV: 12    Int: 17    God:
Gold:   83         SH:  0    Dex: 15    Spells: 7/10 levels left

rFire   + . .        c - staff of cold
rCold   . . .        (no shield)
rNeg    . . .        a - +0 robe
rPois   .            (helmet restricted)
rElec   .            o - +0 cloak
rCorr   .            (no gloves)
SInv    +            (boots unavailable)
Will    .....        (no amulet)
Stlth   ++           j - ring of fire
HPRegen 0.24/turn    g - ring of see invisible
MPRegen 0.12/turn

%: acrobat
@: very slightly contaminated
A: beak, talons 3, acrobatic
a: no special abilities


You were on level 3 of the Dungeon.
You visited 1 branch of the dungeon, and saw 3 of its levels.

You collected 83 gold pieces.

Inventory:

Hand Weapons
 k - a +0 spear
Missiles
 d - 9 stones
Armour
 a - a +0 robe (worn)
 o - a +0 cloak (worn)
Magical Staves
 c - a staff of cold (weapon)
Jewellery
 g - a ring of see invisible (right hand)
 j - a ring of fire (left hand)
 p - a ring of fire
Scrolls
 e - a scroll of revelation
 i - a scroll of fear {unknown}
 l - 2 scrolls of identify
 q - a scroll of poison {unknown}
Potions
 b - a potion of magic
 f - a potion of haste
 h - a potion of mutation {unknown}
 m - 2 potions of attraction
 n - a potion of brilliance {unknown}
 r - a potion of berserk rage
 s - a potion of curing


   Skills:
 + Level 0.1 Fighting
 + Level 0.1 Staves
 + Level 2.6 Dodging
 + Level 2.3 Stealth
 + Level 3.1 Spellcasting
 + Level 2.6 Conjurations
 + Level 5.4 Air Magic


You had 7 spell levels left.
You knew the following spells:

 Your Spells              Type           Power      Damage    Failure   Level
a - Shock                 Conj/Air       64%        1d7       3%          1
b - Static Discharge      Conj/Air       32%        2-4/arc   4%          2

Your spell library contained the following spells:

 Spells                   Type           Power      Damage    Failure   Level
 Swiftness                Air            21%        N/A       5%          3
 Airstrike                Air            10%        2d(2-18)  19%         4
 Sublimation of Blood     Necr           2%         N/A       26%         2
 Petrify                  Tmut/Erth      2%         N/A       86%         4
 Irradiate                Conj/Tmut      3%         3d12      95%         5
 Summon Forest            Summ/Tloc      1%         N/A       99%         5
 Eringya's Noxious Bog    Tmut/Pois      1%         4d6       100%        6
 Summon Hydra             Summ           1%         N/A       100%        7


Dungeon Overview and Level Annotations

Branches:
Dungeon (3/15)

Altars:
Wu Jian

Annotations:
D:3 Ijyb, Robin


Innate Abilities, Weirdness & Mutations

You have a beak for a mouth.
You have claws for feet.
You can magically evade attacks while moving or waiting.


Message History

Aim: a frilled lizard (heavily wounded, 53% to hit)
The zap misses the frilled lizard.
A goblin comes into view. It is wielding a +0 club.
Unknown command.
Casting: Shock (safe; 3% risk of failure)
Confirm with . or Enter, or press ? or * to list all spells.
Aiming: Shock (safe; 3% risk of failure)
Press: ? - help, Shift-Dir - straight line, f/p - frilled lizard
Aim: a frilled lizard (heavily wounded, 53% to hit)
The zap hits the frilled lizard.
You kill the frilled lizard!
Robin throws the goblin at you! The goblin hits you but does no damage.
Casting: Shock (safe; 3% risk of failure)
Confirm with . or Enter, or press ? or * to list all spells.
You miscast Static Discharge.
You are very lightly contaminated with residual magic.
Nothing appears to happen.
The goblin misses you. The hobgoblin hits you. The goblin barely misses you.
Casting: Static Discharge (safe; 4% risk of failure)
Confirm with . or Enter, or press ? or * to list all spells.
The goblin is struck by an arc of lightning.
The goblin is severely wounded.
You are struck by an arc of lightning.
The goblin is struck by an arc of lightning.
You kill the goblin!
The hobgoblin is struck by an arc of lightning.
You kill the hobgoblin!
The lightning grounds out.
The goblin misses you.
Casting: Static Discharge (safe; 4% risk of failure)
Confirm with . or Enter, or press ? or * to list all spells.
The goblin is struck by an arc of lightning.
The goblin is heavily wounded.
You are struck by an arc of lightning.
The lightning grounds out.
The goblin is struck by an arc of lightning.
The goblin is heavily wounded.
You are struck by an arc of lightning.
The lightning grounds out.
The goblin barely misses you. The goblin hits you with a +0 club.
Robin says, "My goblins will feast on your bones."
Robin throws Ijyb at you!
Ijyb zaps a wand.
Your mind is blasted!
You die...

######.##.##.##...#####
#.##.##.######
#....##.# #######.# #.#
#.# ...####.#######
......g>.......
...(..#@#######
#.###.gg)# ##...g#
#.....# ##$#....
#.#..... #.#......
#+#......


You could see Ijyb (strong), Robin and 2 goblins.

Vanquished Creatures
  Jessica (D:2)
  Terence (D:2)
  2 adders
  5 endoplasms
  A giant cockroach (D:2)
  4 goblins
  8 hobgoblins
  4 jackals (D:1)
  2 kobolds (D:2)
  2 quokkas
  6 ball pythons
  6 bats
  5 frilled lizards
  5 rats
52 creatures vanquished.

Notes
Turn   | Place    | Note
-------+----------+-------------------------------------------
     0 | D:1      | MachoJfn the Tengu Air Elementalist began the quest for the
                  | Orb.
     0 | D:1      | Reached XP level 1. HP: 10/10 MP: 4/4
   191 | D:1      | Reached XP level 2. HP: 15/15 MP: 4/6
   920 | D:2      | Noticed Jessica
   923 | D:2      | Killed Jessica
   924 | D:2      | Reached XP level 3. HP: 19/19 MP: 3/7
  1259 | D:2      | Found an ornate altar of the Wu Jian Council.
  1333 | D:2      | Reached XP level 4. HP: 24/24 MP: 7/9
  1375 | D:2      | Reached skill level 5 in Air Magic
  1807 | D:2      | Noticed Terence
  1814 | D:2      | Killed Terence
  1923 | D:2      | Learned a level 2 spell: Static Discharge
  2322 | D:3      | Reached XP level 5. HP: 28/28 MP: 6/10
  2322 | D:3      | Upgraded the game from 0.31-a0-848-gaac375c287 to
                  | 0.31-a0-851-g7ff8af7976
  2491 | D:3      | Noticed Robin
  2492 | D:3      | Noticed Ijyb
  2500 | D:3      | Blown up by Ijyb

Illustrated notes

Levels and vault maps discovered:
D:1:      dpeg_arrival_boxorama, layout_rooms
D:2:      layout_loops_ring, basic_altar, minmay_misc_feat_diagonals,
          uniq_jessica, uniq_terence
D:3:      layout_loops_corners, nicolae_overflow_hallway_of_the_gods,
          dreamdust_ecumenical_altar_hidden_monk_grotto, nicolae_goblin_pals

Skill      XL: |  1  2  3  4 |
---------------+-------------+-----
Conjurations   | 2 |  2.6
Air Magic      | 5 |  5.4
Spellcasting   | 3 |  3.1
Fighting       | |  0.1
Staves         | |  0.1
Dodging        | |  2.6
Stealth        | |  2.3

Action                     |  1- 3 |  4- 6 || total
---------------------------+-------+-------++-------
  Melee: Unarmed           |     8 |       ||     8
         Kick              |     4 |       ||     4
         Peck              |     3 |       ||     3
         Staff             |     8 |     1 ||     9
   Cast: Shock             |    41 |    46 ||    87
         Static Discharge  |       |     6 ||     6
    Use: Potion            |     6 |     1 ||     7
         Scroll            |     3 |       ||     3
 Armour: Robe              |     8 |     6 ||    14
  Dodge: Dodged            |    12 |    10 ||    22

Table legend: (Time is in decaauts)
 A = Elapsed time spent in this place.
 B = Non-inter-level travel time spent in this place.
 C = Inter-level travel time spent in this place.
 D = Time resting spent in this place.
 E = Time spent auto-exploring this place.
 F = Levels seen in this place.
 G = Mean time per level.
                   A        B        C        D        E       F      G
               +--------+--------+--------+--------+--------+-----+--------+
         Total |   2507 |   2405 |    102 |    476 |   1663 |   3 |  835.7 |
       Dungeon |   2507 |   2405 |    102 |    476 |   1663 |   3 |  835.7 |
               +--------+--------+--------+--------+--------+-----+--------+

Top non-repeatable levels by time:
     D:2: 1217 daAuts
     D:1: 915 daAuts
     D:3: 374 daAuts
